 Dungeon Crawl Stone Soup version 0.27-a0-1193-g8631133539 (webtiles) character file.

Game seed: 16684058941971359520

73 pilgrim the Vexing (level 4, -1/25 HPs)
             Began as a Deep Elf Arcane Marksman on May 26, 2021.
             Killed from afar by a white imp (8 damage)
             ... with a puff of frost
             ... on level 3 of the Dungeon.
             The game lasted 00:06:57 (3267 turns).

pilgrim the Vexing (Deep Elf Arcane Marksman)       Turns: 3267, Time: 00:06:58

Health: -1/25      AC:  4    Str:  8    XL:     4   Next: 8%
Magic:  7/8        EV: 12    Int: 18    God:
Gold:   113        SH:  0    Dex: 15    Spells: 3/6 levels left

rFire    . . .     SeeInvis .   a - +0 shortbow
rCold    . . .     Faith    .   (shield currently unavailable)
rNeg     . . .     Spirit   .   f - +0 leather armour
rPois    .         Reflect  .   (no helmet)
rElec    .         Harm     .   (no cloak)
rCorr    .         Rampage  .   (no gloves)
Will     .....                  g - +0 pair of boots
Stlth    ++........             (no amulet)
HPRegen  0.08/turn              (no ring)
MPRegen  0.11/turn              (no ring)

@: no status effects
A: no striking features
a: no special abilities


You were on level 3 of the Dungeon.
You visited 1 branch of the dungeon, and saw 3 of its levels.

You collected 188 gold pieces.
You spent 75 gold pieces at shops.

Inventory:

Hand Weapons
 a - a +0 shortbow (weapon)
 b - a +0 dagger
Missiles
 d - 5 arrows (quivered ammo)
Armour
 e - a +0 robe
 f - a +0 leather armour (worn)
 g - a +0 pair of boots (worn)
Jewellery
 h - a ring of magical power
Scrolls
 i - a scroll of summoning {unknown}
 j - a scroll of identify {unknown}
 k - a scroll of blinking
 l - a scroll of holy word {unknown}
Potions
 c - 2 potions of mutation {unknown}


   Skills:
 + Level 1.6 Fighting
 + Level 3.7 Bows
 + Level 3.3 Dodging
 + Level 2.2 Stealth
 - Level 1.5 Spellcasting
 - Level 4.0 Hexes


You had 3 spell levels left.
You knew the following spells:

 Your Spells              Type           Power      Damage    Failure   Level
a - Corona                Hex            16%        N/A       5%          1
b - Slow                  Hex            15%        N/A       9%          2

Your spell library contained the following spells:

 Spells                   Type           Power      Damage    Failure   Level
 Inner Flame              Hex/Fire       8%         N/A       36%         3
 Portal Projectile        Hex/Tloc       16%        N/A       36%         3
 Cause Fear               Hex            7%         N/A       47%         4
 Leda's Liquefaction      Hex/Erth       4%         N/A       77%         4


Dungeon Overview and Level Annotations

Branches:
Dungeon (3/15)

Altars:
Ashenzari
Nemelex Xobeh
Yredelemnul

Shops:
D:3 ?

Annotations:
D:2 exclusion: worm


Message History

Aim: a gnoll, wielding a +0 halberd (slow, softly glowing, 82% to hit)
You shoot an arrow. The arrow hits the gnoll.
The gnoll is moderately wounded.
Fire: 9 arrows
Press: ? - help, Q - select action, (/) - cycle Shift-Dir - straight line, f/p - gnoll
Aim: a gnoll, wielding a +0 halberd (moderately wounded, slow, softly glowing, 82% to hit)
You shoot an arrow. The arrow barely misses the gnoll.
Your magical contamination has completely faded away.
Fire: 8 arrows
Press: ? - help, Q - select action, (/) - cycle Shift-Dir - straight line, f/p - gnoll
Aim: a gnoll, wielding a +0 halberd (moderately wounded, slow, softly glowing, 82% to hit)
You shoot an arrow. The arrow barely misses the gnoll.
The gnoll stops glowing.
Fire: 7 arrows
Press: ? - help, Q - select action, (/) - cycle Shift-Dir - straight line, f/p - gnoll
Aim: a gnoll, wielding a +0 halberd (moderately wounded, slow, 63% to hit)
You shoot an arrow.
The arrow hits the gnoll but does no damage.
The gnoll is moderately wounded.
Fire: 6 arrows
Press: ? - help, Q - select action, (/) - cycle Shift-Dir - straight line, f/p - gnoll
Aim: a gnoll, wielding a +0 halberd (moderately wounded, slow, 63% to hit)
You shoot an arrow. The arrow barely misses the white imp.
The arrow hits the gnoll but does no damage.
The gnoll is moderately wounded.
The white imp gestures at you. The puff of frost hits you!
The gnoll is no longer moving slowly.
The white imp gestures at you. The puff of frost hits you.
The white imp gestures at you. The puff of frost hits you!
* * * LOW HITPOINT WARNING * * *
You see here a +0 dagger.
The white imp gestures at you. The puff of frost misses you.
There is a stone staircase leading up here.
The white imp gestures at you. The puff of frost hits you!
You die...

.(.## ##..##......####.##......._
#...# #..###.##......#.##...#....
##..###.###..#...###........#....
#...##.....#...## ###.....##...
#.#..#.........# #.......####.
#..#...#######.# #............
###.#...#(....#.## #.........##.
#.......#.....#..####.......⌠.⌠..
#.......#.._..#.@......>....._..#
#.......#.....#.#####.....>.⌠.⌠##
#.......#.....#................#
........###'###..####..........#
#...........)g5..# #.....###..#
#.........###....# #.....#/#.##
########### ###### #.....###.#
#####.....# #####


You could see a gnoll and a white imp.

Vanquished Creatures
  2 gnolls
  An adder (D:2)
  2 dart slugs (D:3)
  An orc (D:2)
  3 endoplasms
  10 goblins
  4 hobgoblins
  A quokka (D:2)
  5 ball pythons
  3 bats
  2 frilled lizards
  2 kobolds
  4 rats
40 creatures vanquished.

Notes
Turn   | Place    | Note
-------+----------+-------------------------------------------
     0 | D:1      | pilgrim the Deep Elf Arcane Marksman began the quest for
                  | the Orb.
     0 | D:1      | Reached XP level 1. HP: 11/11 MP: 5/5
   348 | D:1      | Reached skill level 1 in Fighting
   456 | D:1      | Reached skill level 1 in Stealth
   456 | D:1      | Reached XP level 2. HP: 16/16 MP: 6/6
   459 | D:1      | Learned a level 2 spell: Slow
  1745 | D:2      | Reached XP level 3. HP: 20/20 MP: 5/7
  2428 | D:3      | Found Legus's Magic Scroll Shop.
  2432 | D:3      | Bought a scroll of blinking for 75 gold pieces
  2503 | D:3      | Found a basalt altar of Yredelemnul.
  2545 | D:3      | Found a broken altar of Ashenzari.
  2717 | D:3      | Reached XP level 4. HP: 25/25 MP: 5/8
  2822 | D:3      | Found a sparkling altar of Nemelex Xobeh.
  3267 | D:3      | Killed from afar by a white imp

Illustrated notes

Levels and vault maps discovered:
D:1:      lightli_arrival_statuegarden, layout_basic
D:2:      layout_loops_cross
D:3:      layout_rooms, nicolae_tso_swordbearing_angel, amcnicky_altar_gilded,
          old_standard_altar, nemelex_xobeh_ov_fountains_minmay, serial_shops,
          nicolae_shop_competitors_out_of_business, gammafunk_ghost_grave,
          roderic_serpentine_path, item_on_display_a

Skill      XL: |  1  2  3 |
---------------+----------+-----
Fighting       | 1 |  1.6
Bows           | 3 |  3.7
Stealth        | 1 2 |  2.2
Dodging        | 3 |  3.3
Spellcasting   | |  1.5
Hexes          | |  4.0

Action                   |  1- 3 |  4- 6 || total
-------------------------+-------+-------++-------
Melee: Dagger            |    19 |    21 ||    40
 Fire: Shortbow          |    85 |     7 ||    92
 Cast: Corona            |    20 |     2 ||    22
       Slow              |     4 |     2 ||     6
Armor: Robe              |     2 |       ||     2
       Leather armour    |    14 |     5 ||    19
Dodge: Dodged            |    23 |     8 ||    31

Table legend: (Time is in decaauts)
 A = Elapsed time spent in this place.
 B = Non-inter-level travel time spent in this place.
 C = Inter-level travel time spent in this place.
 D = Time resting spent in this place.
 E = Time spent auto-exploring this place.
 F = Levels seen in this place.
 G = Mean time per level.
                   A        B        C        D        E       F      G
               +--------+--------+--------+--------+--------+-----+--------+
         Total |   3281 |   3173 |    108 |    308 |   2366 |   3 | 1093.7 |
       Dungeon |   3281 |   3173 |    108 |    308 |   2366 |   3 | 1093.7 |
               +--------+--------+--------+--------+--------+-----+--------+

Top non-repeatable levels by time:
     D:2: 1348 daAuts
     D:1: 1115 daAuts
     D:3: 817 daAuts
